 Dungeon Crawl Stone Soup version 0.20-a0-1085-g627af9b (webtiles) character file.

2391 DapperPlatypus the Poker (level 9, -2/82 HPs)
             Began as a Naga Berserker on Apr 30, 2017.
             Was an Elder of Trog.
             Killed from afar by AlphabetPasta's ghost (16 damage)
             ... with a stone arrow
             ... on level 9 of the Dungeon.
             The game lasted 00:37:00 (6263 turns).

DapperPlatypus the Poker (Naga Berserker)           Turns: 6263, Time: 00:37:01

Health: -2/82      AC: 13    Str: 22    XL:     9   Next: 46%
Magic:  18/18      EV:  9    Int:  8    God:    Trog [****..]
Gold:   136        SH:  0    Dex: 11    Spells: 8/8 levels left

rFire    . . .     SeeInvis +   b - +0 halberd (venom)
rCold    . . .     Gourm    .   (shield currently unavailable)
rNeg     . . .     Faith    .   c - +4 scale mail {rPois}
rPois    +         Spirit   .   h - +1 hat
rElec    .         Reflect  .   (no cloak)
rCorr    .         Harm     .   u - +0 pair of gloves
MR       +....                  (no barding)
Stlth    +.........             (no amulet)
Regen    0.3/turn               n - ring of magical power
MPRegen  0.2/turn               i - ring of flight

@: slowed, very slow
A: see invisible, deformed body, poison resistance, slowness 2, slow metabolism
1, spit poison 1, AC +3
a: Spit Poison, Berserk, Trog's Hand, Brothers in Arms, Burn Spellbooks,
Renounce Religion, Evoke Flight


You were on level 9 of the Dungeon.
You worshipped Trog.
Trog was greatly pleased with you.
You were not hungry.

You visited 2 branches of the dungeon, and saw 10 of its levels.

You collected 552 gold pieces.
You spent 416 gold pieces at shops.

Inventory:

Hand Weapons
 b - a +0 halberd of venom (weapon)
 F - a +0 glaive
Missiles
 f - 11 tomahawks (quivered)
Armour
 c - a +4 scale mail of poison resistance (worn)
 h - a +1 hat (worn)
 u - a +0 pair of gloves (worn)
Jewellery
 i - a ring of flight (right hand)
 n - a ring of magical power (left hand)
Wands
 a - a wand of clouds (5/9)
 x - a wand of iceblast (12/15)
Scrolls
 d - a scroll of vulnerability {unknown}
 p - a scroll of enchant armour {unknown}
 y - 2 scrolls of teleportation
 z - 3 scrolls of remove curse
 A - a scroll of noise
 B - a scroll of torment {unknown}
 D - 5 scrolls of identify
Potions
 g - a potion of curing
 r - a potion of heal wounds
 C - a potion of haste
Comestibles
 l - 5 bread rations
 s - 3 royal jellies
 w - 6 fruits
 E - 3 meat rations


   Skills:
 + Level 5.9 Fighting
   Level 4.5(6.6) Axes
   Level 4.1(5.1) Maces & Flails
 + Level 6.0(6.7) Polearms
 + Level 5.0 Armour
 + Level 3.7 Dodging
 + Level 4.0 Stealth


You had 8 spell levels left.
You didn't know any spells.

Dungeon Overview and Level Annotations

Branches:
Dungeon (9/15)             Temple (1/1) D:7
   Lair: D:8-11         Orc: D:9-12

Altars:
Cheibriados
Elyvilon
Fedhas
Hepliaklqana
Kikubaaqudgha
Nemelex Xobeh
Okawaru
Qazlal
Ru
Sif Muna
Uskayaw
Vehumet
Wu Jian
Xom
Yredelemnul
Zin
The Shining One

Shops:
D:5 }*   D:7 *

Annotations:
D:9 AlphabetPasta's ghost, novice GnIE


Innate Abilities, Weirdness & Mutations

You cannot wear boots.
Your serpentine skin is tough. (AC +3)
You have supernaturally acute eyesight. (SInv)
Armour fits poorly on your strangely shaped body.
Your system is resistant to poisons. (rPois)
You cover ground very slowly.
You have a slow metabolism.
You can spit poison.


Message History

AlphabetPasta's ghost is moderately damaged.
AlphabetPasta's ghost hits you but does no damage.
You miss AlphabetPasta's ghost.
AlphabetPasta's ghost is moderately damaged.
AlphabetPasta's ghost hits you but does no damage. x2
You puncture AlphabetPasta's ghost!
AlphabetPasta's ghost is heavily damaged.
AlphabetPasta's ghost hits you but does no damage. x2
You barely miss AlphabetPasta's ghost.
AlphabetPasta's ghost is heavily damaged.
AlphabetPasta's ghost gestures at you while chanting.
The stone arrow hits you!
* * * LOW HITPOINT WARNING * * *
AlphabetPasta's ghost hits you.
* * * LOW HITPOINT WARNING * * *
You feel better.
AlphabetPasta's ghost says, "What do you have that I didn't have?"
AlphabetPasta's ghost casts a spell at you.
The stone arrow hits you!
You die...

. . #.
##.#######
#........#
#....W...#
#.....@..#
#........#
#.=.....<#
..........#
##........#
#........#
##########


You could see AlphabetPasta's ghost.

Vanquished Creatures
  A wyvern (D:9)
  Eustachio (D:5)
  The ghost of Kaishin the Chiller, an amateur DsIE (D:3)
  A water moccasin (D:6)
  3 ice beasts (D:6)
  2 ogres
  A necrophage (D:7)
  A big kobold (D:7)
  5 bullfrogs
  A howler monkey (D:4)
  2 crimson imps
  An orc priest (D:5)
  A bullfrog skeleton (D:5)
  2 hounds (D:5)
  An iguana (D:5)
  4 orc wizards
  7 worker ants
  A killer bee zombie (D:7)
  2 hound skeletons
  Robin (D:2)
  4 gnolls (D:5)
  A howler monkey skeleton (D:4)
  12 adders
  2 shadow imps
  3 oozes
  5 worms
  5 dart slugs
  A leopard gecko (D:2)
  17 orcs
  6 giant cockroaches
  11 goblins
  12 hobgoblins
  22 jackals
  7 kobolds
  4 quokkas
  3 ball pythons
  8 bats
  5 frilled lizards
  A jackal skeleton (D:6)
  A leopard gecko zombie (D:7)
  3 rats
  A bush (D:7)
173 creatures vanquished.

Vanquished Creatures (collateral kills)
  An orc priest (D:6)
  An orc wizard (D:7)
  8 orcs
10 creatures vanquished.

Vanquished Creatures (others)
  A frilled lizard (D:3)
1 creature vanquished.

Grand Total: 184 creatures vanquished

Notes
Turn   | Place    | Note
-------+----------+-------------------------------------------
     0 | D:1      | DapperPlatypus the Naga Berserker began the quest for the Orb.
     0 | D:1      | Reached XP level 1. HP: 21/21 MP: 1/1
   243 | D:1      | Reached XP level 2. HP: 28/28 MP: 2/2
   393 | D:1      | Reached XP level 3. HP: 30/34 MP: 3/3
   885 | D:2      | Noticed Robin
  1066 | D:2      | Killed Robin
  1066 | D:2      | Reached ** piety under Trog
  1066 | D:2      | Reached XP level 4. HP: 44/44 MP: 4/4
  1442 | D:2      | Found a shimmering altar of Xom.
  1682 | D:3      | Reached XP level 5. HP: 43/50 MP: 5/5
  1944 | D:3      | Noticed Kaishin's ghost (amateur DsIE)
  1950 | D:3      | Reached skill level 1 in Axes
  1964 | D:3      | Killed Kaishin's ghost
  1964 | D:3      | Reached *** piety under Trog
  1964 | D:3      | Reached XP level 6. HP: 38/57 MP: 6/6
  2027 | D:3      | Reached skill level 1 in Stealth
  2366 | D:3      | You fall through a shaft for 2 floors!
  2366 | D:5      | Entered Level 5 of the Dungeon
  2422 | D:5      | Reached XP level 7. HP: 26/66 MP: 7/7
  2429 | D:5      | Found an ancient bone altar of Kikubaaqudgha.
  2438 | D:5      | Noticed Eustachio
  2448 | D:5      | Killed Eustachio
  2822 | D:5      | Found a glowing drain.
  2853 | D:5      | Reached skill level 1 in Polearms
  2973 | D:5      | Reached **** piety under Trog
  3189 | D:5      | Found Yrezudwe's Gadget Emporium.
  3223 | D:5      | Found Jevi's Elemental Accessories.
  3292 | D:5      | Reached skill level 5 in Fighting
  3292 | D:5      | Reached skill level 2 in Polearms
  3292 | D:5      | Reached XP level 8. HP: 74/74 MP: 8/8
  3583 | D:4      | Found a deep blue altar of Sif Muna.
  3628 | D:4      | Reached skill level 3 in Polearms
  4659 | D:6      | Reached skill level 4 in Polearms
  4976 | D:6      | Reached skill level 5 in Polearms
  4976 | D:6      | Reached XP level 9. HP: 36/81 MP: 9/9
  5530 | D:7      | Found a staircase to the Ecumenical Temple.
  5532 | D:7      | Found a white marble altar of Elyvilon.
  5734 | Temple   | Entered the Ecumenical Temple
  6061 | D:7      | Found Zirphuq's General Store.
  6093 | D:7      | Bought a +4 scale mail of poison resistance for 364 gold pieces
  6093 | D:7      | Bought a scroll of identify for 26 gold pieces
  6093 | D:7      | Bought a scroll of identify for 26 gold pieces
  6232 | D:9      | Reached skill level 6 in Polearms
  6232 | D:9      | Reached skill level 5 in Armour
  6250 | D:9      | Noticed AlphabetPasta's ghost (novice GnIE)
  6263 | D:9      | Killed from afar by AlphabetPasta's ghost

Vault maps used:
D:1:      minmay_arrival_radiant_lines
D:2:      old_standard_altar, uniq_robin
D:3:      first_bread
D:4:      overflow_temple_1_default
D:5:      lemuel_doored_altar, serial_shops, nicolae_shop_trees,
          cheibrodos_sewer_entry_drain, nicolae_elemental_shop, uniq_eustachio
D:6:      minmay_small_thing
D:7:      marbit_many_paths, elyvilon_altar_4, minmay_temple_entry_overgrown,
          serial_shops, shop, grunt_ogre_cave, corexii_hall_statues_t
D:9:      kennysheep_little_box
Temple:   eino_temple_rhombus

Skill      XL: |  1  2  3  4  5  6  7  8  9 |
---------------+----------------------------+-----
Armour         | 2 3 4 5 |  5.0
Maces & Flails | 4 |  4.1
Fighting       | 4 5 |  5.9
Axes           | 2 3 4 |  4.5
Stealth        | 2 3 4 |  4.0
Dodging        | 2 3 |  3.7
Polearms       | 2 5 6 |  6.0

Action                   |  1- 3 |  4- 6 |  7- 9 || total
-------------------------+-------+-------+-------++-------
Melee: Mace              |    90 |    47 |       ||   137
       Battleaxe         |       |   130 |    14 ||   144
       Halberd           |       |       |   311 ||   311
Invok: Berserk           |     3 |     2 |     5 ||    10
       Brothers in Arms  |       |       |     2 ||     2
       Trog's Hand       |       |       |     1 ||     1
 Abil: Spit Poison       |     1 |     4 |     3 ||     8
  Use: Scroll            |     1 |     5 |     3 ||     9
       Potion            |       |     4 |     9 ||    13
 Stab: Invisible         |       |     3 |       ||     3
       Sleeping          |       |       |     3 ||     3
  Eat: Bread ration      |     1 |     1 |     2 ||     4
       Chunk             |       |     1 |       ||     1
       Meat ration       |       |       |     1 ||     1
       Royal jelly       |       |       |     1 ||     1
Armor: Ring mail         |    66 |   127 |   204 ||   397
       Skin              |       |     2 |     8 ||    10
       Scale mail        |       |       |    11 ||    11
Dodge: Dodged            |    60 |   150 |   241 ||   451
